 Dungeon Crawl Stone Soup version 0.20-a0-1026-gc3ddcbd (console) character file.

7503 nht the Brawler (level 10, -13/81 HPs)
             Began as a Minotaur Monk on Apr 20, 2017.
             Was a High Priest of Wu Jian.
             Mangled by a two-headed ogre
             ... wielding a +0 giant club
              (25 damage)
             ... on level 9 of the Dungeon.
             The game lasted 00:16:05 (8048 turns).

nht the Brawler (Minotaur Monk)                     Turns: 8048, Time: 00:16:05

Health: -13/81     AC:  6    Str: 17    XL:     10   Next: 95%
Magic:  9/9        EV: 19    Int: 10    God:    Wu Jian [*****.]
Gold:   641        SH:  5    Dex: 20    Spells: 9/9 levels left

rFire    . . .     SeeInvis .     - Unarmed
rCold    . . .     Gourm    .   G - +0 buckler
rNeg     . . .     Faith    .   a - +0 robe
rPois    +         Spirit   .   (helmet restricted)
rElec    +         Reflect  .   u - +1 cloak of Dacixt {*Slow Regen+ Dex+8}
rCorr    .         Harm     .   y - +1 pair of gloves
MR       .....                  (no boots)
Stlth    +++.......             (no amulet)
Regen    0.7/turn               s - ring of poison resistance
MPRegen  0.2/turn               w - ring of Vydadd {rElec EV+4}

@: no status effects
A: retaliatory headbutt, horns 2
a: Serpent's Lash, Heavenly Storm, Renounce Religion


You were on level 9 of the Dungeon.
You worshipped Wu Jian.
Wu Jian was extremely pleased with you.
You were not hungry.

You visited 2 branches of the dungeon, and saw 10 of its levels.
You also visited: Sewer.

You collected 641 gold pieces.

Inventory:

Armour
 a - a +0 robe (worn)
 u - the +1 cloak of Dacixt (worn) {*Slow Regen+ Dex+8}
   (You found it in a sewer)

   It affects your dexterity (+8).
   It increases your rate of regeneration.
   It may slow you when you take damage.
 y - a +1 pair of gloves (worn)
 G - a +0 buckler (worn)
Jewellery
 s - a ring of poison resistance (left hand)
 w - the ring of Vydadd (right hand) {rElec EV+4}
   (You found it in a sewer)

   [ring of evasion]

   It affects your evasion (+4).
   It insulates you from electricity.
 M - an uncursed amulet of faith
Wands
 l - a wand of polymorph (22/24)
 m - a wand of polymorph (17/24)
 x - a wand of polymorph (6/24)
 O - a wand of iceblast (5/15)
Scrolls
 c - 3 scrolls of enchant armour
 q - 5 scrolls of remove curse
 t - a scroll of amnesia
 B - 3 scrolls of teleportation
 H - a scroll of magic mapping
 I - 3 scrolls of blinking
 K - a scroll of fear
 Q - a scroll of enchant weapon
 R - a scroll of identify
Potions
 d - 3 potions of cancellation
 e - a potion of curing
 f - 4 potions of haste
 h - a potion of lignification
 n - 3 potions of agility
 o - a potion of brilliance
 p - 2 potions of heal wounds
 v - 2 potions of might
 z - 2 potions of invisibility
 C - 3 potions of flight
 D - a potion of berserk rage
 J - 3 potions of mutation
 L - a potion of resistance
Books
 k - a book of Necromancy

   Spells                             Type                      Level
   a - Pain                           Necromancy                   1
   b - Animate Skeleton               Necromancy                   1
   c - Vampiric Draining              Necromancy                   3
   d - Regeneration                   Charms/Necromancy            3
   e - Animate Dead                   Necromancy                   4
   f - Control Undead                 Necromancy                   4
 A - a book of Maledictions

   Spells                             Type                      Level
   a - Corona                         Hexes                        1
   b - Ensorcelled Hibernation        Hexes/Ice                    2
   c - Confuse                        Hexes                        3
   d - Tukima's Dance                 Hexes                        3
   e - Dazzling Spray                 Conjuration/Hexes            3
 N - a book of Air

   Spells                             Type                      Level
   a - Shock                          Conjuration/Air              1
   b - Swiftness                      Charms/Air                   2
   c - Static Discharge               Conjuration/Air              3
   d - Airstrike                      Air                          4
   e - Lightning Bolt                 Conjuration/Air              5
 P - a book of Geomancy

   Spells                             Type                      Level
   a - Sandblast                      Earth                        1
   b - Passwall                       Transmutation/Earth          2
   c - Stone Arrow                    Conjuration/Earth            3
   d - Petrify                        Transmutation/Earth          4
   e - Lee's Rapid Deconstruction     Earth                        5
Comestibles
 b - 7 bread rations
 g - 3 chunks of flesh
 i - 13 fruits
 j - 7 meat rations
 r - a royal jelly


   Skills:
 + Level 5.2 Fighting
 + Level 2.0 Armour
 + Level 4.9 Dodging
 - Level 3.2 Stealth
 + Level 1.3 Shields
 * Level 16.7 Unarmed Combat


You had 9 spell levels left.
You didn't know any spells.

Dungeon Overview and Level Annotations

Branches:
Dungeon (9/15)             Temple (1/1) D:4            Lair (0/6) D:9
    Orc: D:9-12

Altars:
Ashenzari
Cheibriados
Dithmenos
Elyvilon
Fedhas
Gozag
Hepliaklqana
Kikubaaqudgha
Makhleb
Nemelex Xobeh
Okawaru
Qazlal
Ru
Sif Muna
Trog
Uskayaw
Vehumet
Wu Jian
Xom
Yredelemnul
Zin
The Shining One

Shops:
D:8 (


Innate Abilities, Weirdness & Mutations

You reflexively headbutt those who attack you in melee.
You have a pair of horns on your head.


Message History

The two-headed ogre is moderately wounded.
You barely miss the two-headed ogre. You headbutt the two-headed ogre.
The two-headed ogre is heavily wounded.
The two-headed ogre completely misses you.
The two-headed ogre hits you with a giant club!
Unknown command.
You spin and attack the two-headed ogre repeatedly.
You hit the two-headed ogre.
The two-headed ogre is heavily wounded.
You punch the two-headed ogre!
The two-headed ogre is severely wounded.
The two-headed ogre hits you with a giant club!!
* * * LOW HITPOINT WARNING * * *
The two-headed ogre barely misses you.
You spin and attack the two-headed ogre.
You punch the two-headed ogre!
The two-headed ogre is almost dead.
You block the two-headed ogre's attack.
The two-headed ogre hits you with a giant club!!
You die...

█........█............██'███.....
█........█........>........█...██
█....)[..█.................█...█
█....[...█.................█...█
█........███████████████████...█
█....................... ....█
███..................... ....█
█............%.O...... .....█
█.███████████.@███████ .....█ █.█
█..█ ...██ █.█ █..█ ..... █. █..█
..... █..█ ..... .... ...██


████ .. . You could see a two-headed ogre.

Vanquished Creatures
  2 two-headed ogres (D:8)
  Pikel (D:9)
  The ghost of DEFE the Ducker, a novice DEAK of Lugonu (D:6)
  Prince Ribbit (D:7)
  The ghost of DEFE the Ducker, an amateur DEAK of Lugonu (D:5)
  Sigmund (D:4)
  2 wyverns
  2 hungry ghosts
  4 orc warriors
  3 sky beasts
  A black bear (D:5)
  5 ice beasts
  2 phantoms
  A necrophage (D:9)
  3 slaves (D:9)
  A centaur (D:5)
  4 ogres
  6 bullfrogs
  A wyvern zombie (D:9)
  4 scorpions
  A wight (D:7)
  14 killer bees
  4 howler monkeys (D:7)
  4 crimson imps
  A bullfrog zombie (D:5)
  4 hounds
  An orc priest (D:8)
  A bullfrog skeleton (D:4)
  A centaur skeleton (D:8)
  An iguana (D:6)
  An iron imp (D:8)
  6 worker ants
  6 orc wizards
  A hound zombie (D:7)
  2 hound skeletons
  A worker ant zombie (D:6)
  15 adders
  2 river rats (D:5)
  A shadow imp (D:9)
  An adder zombie (D:6)
  An adder skeleton (D:9)
  4 worms
  3 dart slugs
  10 leopard geckos
  23 orcs
  14 giant cockroaches
  7 hobgoblins
  10 jackals
  4 quokkas
  4 ball pythons
  7 bats
  13 frilled lizards
  2 giant cockroach zombies
  11 goblins
  2 goblin zombies (D:8)
  2 hobgoblin zombies (D:8)
  4 kobolds
  A kobold skeleton (D:8)
  2 kobold zombies (D:8)
  3 orc skeletons (D:8)
  A quokka skeleton (D:5)
  13 rats
255 creatures vanquished.

Notes
Turn   | Place    | Note
-------+----------+-------------------------------------------
     0 | D:1      | nht the Minotaur Monk began the quest for the Orb.
     0 | D:1      | Reached XP level 1. HP: 22/22 MP: 0/0
    77 | D:1      | Reached skill level 1 in Unarmed Combat
   169 | D:1      | Reached XP level 2. HP: 26/28 MP: 1/1
   198 | D:1      | Reached skill level 2 in Unarmed Combat
   257 | D:1      | Found a shattered altar of Ashenzari.
   597 | D:2      | Reached skill level 3 in Unarmed Combat
   597 | D:2      | Reached XP level 3. HP: 22/35 MP: 2/2
   720 | D:2      | Found a white marble altar of Elyvilon.
   794 | D:2      | Reached skill level 4 in Unarmed Combat
   902 | D:2      | Reached XP level 4. HP: 27/41 MP: 3/3
  2023 | D:3      | Reached skill level 5 in Unarmed Combat
  2384 | D:3      | Reached XP level 5. HP: 40/47 MP: 4/4
  2667 | D:4      | Noticed Sigmund
  2677 | D:4      | Killed Sigmund
  2677 | D:4      | Reached skill level 6 in Unarmed Combat
  2677 | D:4      | Reached XP level 6. HP: 55/55 MP: 5/5
  2768 | D:4      | Found a staircase to the Ecumenical Temple.
  2831 | D:4      | Found a stormy altar of Qazlal.
  2934 | Temple   | Entered the Ecumenical Temple
  3120 | Temple   | Became a worshipper of the Wu Jian Council
  3120 | Temple   | Reached * piety under Wu Jian
  3120 | Temple   | Reached ** piety under Wu Jian
  3234 | D:4      | Reached skill level 7 in Unarmed Combat
  3430 | D:4      | Got an iridescent dagger
  3431 | D:4      | Identified the +8 dagger "Giedaeso" {freeze, Int+3 Dex+2} (You found it on level 4 of the Dungeon)
  3931 | D:4      | Reached skill level 8 in Unarmed Combat
  3931 | D:4      | Reached XP level 7. HP: 60/60 MP: 6/6
  3934 | D:5      | Entered Level 5 of the Dungeon
  3941 | D:5      | Found a glowing silver altar of Zin.
  3941 | D:5      | Found a burning altar of Makhleb.
  3942 | D:5      | Noticed a green death
  3942 | D:5      | Noticed an angel
  4116 | D:5      | Reached skill level 9 in Unarmed Combat
  4176 | D:5      | Noticed DEFE's ghost (amateur DEAK)
  4194 | D:5      | Killed DEFE's ghost
  4340 | D:5      | Found a glowing drain.
  4391 | Sewer    | Entered a sewer
  4473 | Sewer    | Reached skill level 10 in Unarmed Combat
  4476 | Sewer    | Reached XP level 8. HP: 56/67 MP: 7/7
  4724 | Sewer    | Got a transparent cloak
  4726 | Sewer    | Got a translucent amber ring
  4945 | D:5      | Identified the +1 cloak of Dacixt {*Slow Regen+ Dex+8} (You found it in a sewer)
  4951 | D:5      | Identified the ring of Vydadd {rElec EV+4} (You found it in a sewer)
  5146 | D:5      | Reached *** piety under Wu Jian
  5510 | D:5      | Found a sparkling altar of Nemelex Xobeh.
  5510 | D:5      | Reached skill level 11 in Unarmed Combat
  5514 | D:5      | Found an iron altar of Okawaru.
  5524 | D:5      | Found a hide-covered altar of Uskayaw.
  5527 | D:5      | Found a hazy altar of Hepliaklqana.
  5527 | D:5      | Found a shattered altar of Ashenzari.
  5589 | D:6      | Noticed DEFE's ghost (novice DEAK)
  5607 | D:6      | Killed DEFE's ghost
  5607 | D:6      | Reached skill level 12 in Unarmed Combat
  5607 | D:6      | Reached XP level 9. HP: 67/73 MP: 8/8
  5845 | D:6      | Reached skill level 13 in Unarmed Combat
  5873 | D:6      | Reached **** piety under Wu Jian
  6331 | D:7      | Noticed Prince Ribbit
  6337 | D:7      | Killed Prince Ribbit
  6337 | D:7      | Reached skill level 14 in Unarmed Combat
  6539 | D:7      | Found an ancient bone altar of Kikubaaqudgha.
  6540 | D:7      | Found a blossoming altar of Fedhas.
  6612 | D:7      | Reached XP level 10. HP: 70/80 MP: 9/9
  6927 | D:8      | Reached skill level 15 in Unarmed Combat
  7097 | D:8      | Noticed a two-headed ogre
  7100 | D:8      | Found a stormy altar of Qazlal.
  7106 | D:8      | Killed a two-headed ogre
  7127 | D:8      | Noticed a two-headed ogre
  7134 | D:8      | Killed a two-headed ogre
  7134 | D:8      | Reached skill level 16 in Unarmed Combat
  7142 | D:8      | Found a glowing golden altar of the Shining One.
  7144 | D:8      | Reached ***** piety under Wu Jian
  7358 | D:8      | Found Jujibyufiwk's Weapon Emporium.
  7599 | D:9      | Found an opulent altar of Gozag.
  7606 | D:9      | Reached skill level 5 in Fighting
  7662 | D:9      | Reached skill level 1 in Armour
  7677 | D:9      | Reached skill level 1 in Shields
  7803 | D:9      | Found a staircase to the Lair.
  8017 | D:9      | Noticed Pikel
  8026 | D:9      | Killed Pikel
  8040 | D:9      | Noticed a two-headed ogre
  8048 | D:9      | Mangled by a two-headed ogre

Vault maps used:
D:1:      lightli_iron_boxes, ashenzari_altar_1
D:2:      elyvilon_altar_5
D:4:      grunt_qazlal_clouds, temple_statues, first_bread,
          kennysheep_generic_room_3, uniq_sigmund
D:5:      grunt_temple_overflow_order_and_chaos_2,
          minmay_overflow_temple_star_hex, serial_glass, glass_columns_a,
          glass_columns_b, glass_columns_b, glass_columns_b, glass_columns_a,
          glass_columns_a, glass_columns_a, glass_columns_a,
          portal_sewer_entry_e
D:6:      serial_bayou, serial_bayou_shore_a, serial_bayou_shore_b,
          serial_bayou_pond_b, serial_bayou_crossing
D:7:      grunt_temple_overflow_growth_and_decay, uniq_prince_ribbit1
D:8:      serial_shops, kennysheep_mini_moat, basic_altar,
          nicolae_tso_besieged_by_evil
D:9:      grunt_gozag_statues, lair_entry_dummy, uniq_pikel
Temple:   jpeg_temple_alley_garden
Sewer:    sewer_frog_island_01

Skill      XL: |  1  2  3  4  5  6  7  8  9 10 |
---------------+-------------------------------+-----
Unarmed Combat | 1 3 4 5 6 8 10 12 14 16 | 16.7
Fighting       | 5 |  5.2
Armour         | 2 |  2.0
Shields        | 1 |  1.3
Dodging        | |  4.9
Stealth        | |  3.2

Action                   |  1- 3 |  4- 6 |  7- 9 | 10-12 || total
-------------------------+-------+-------+-------+-------++-------
Melee: Unarmed           |    95 |   114 |   330 |   161 ||   700
       Headbutt          |    15 |    18 |    46 |    30 ||   109
       Punch             |       |     1 |    14 |     5 ||    20
Evoke: Wand              |       |       |     3 |       ||     3
  Use: Potion            |     2 |     2 |     1 |     1 ||     6
       Scroll            |       |       |    18 |     7 ||    25
 Stab: Sleeping          |     7 |    12 |    11 |    10 ||    40
       Distracted        |       |       |       |     1 ||     1
  Eat: Chunk             |       |     9 |    11 |     5 ||    25
Armor: Robe              |     8 |     6 |    33 |    13 ||    60
       Skin              |       |     2 |    43 |     1 ||    46
Dodge: Dodged            |    55 |    60 |   155 |    62 ||   332
Block: Buckler           |       |       |       |     5 ||     5
